Map: Abyssal Reef LE

Players

Dolan

  • Race: Terran Terran
  • Spawn Location: 11:00

Zanster - Winner!

  • Race: Zerg Zerg
  • Spawn Location: 5:00

Event: WCS Austin 2017

VOD

Have the link to the VOD?

Description

Time

  • Played on: April 28, 2017, 2:08 p.m.
  • Length: 3:22

All games in this series

Show
View Real Time Build Order
Export as new Build Order

Dolan Terran 

Build Orders:  

Get SALT Encoding   

  12  0:00  SCV  
  13  0:14  Supply Depot  
  13  0:38  Barracks  
  13  0:47  Barracks  
  13  1:03  Barracks  
  13  1:07  SCV  
  14  1:19  SCV  
  14  1:25  Marine  
  16  1:35  Barracks  
  16  1:37  Marine  
  17  1:48  Marine  
  17  1:50  Marine  
  19  1:54  Marine  
  19  1:59  Supply Depot  
  20  2:06  Marine  
  20  2:08  Marine  
  22  2:12  Marine  
  23  2:24  Marine  
  23  2:25  Marine  
  23  2:28  Marine  
  26  2:30  Marine  
  27  2:42  Marine  
  27  2:43  Marine  
  29  2:51  Marine x2  
  25  2:59  Marine  
  25  3:01  Marine  
Show
View Real Time Build Order
Export as new Build Order

Zanster Zerg - Winner!

Build Orders: Pool First 

Get SALT Encoding   

  12  0:01  Drone  
  13  0:13  Overlord  
  13  0:17  Drone  
  14  0:32  Drone x2  
  16  0:35  Drone  
  17  0:46  Drone  
  17  0:49  Spawning Pool  
  17  0:57  Drone  
  17  1:00  Extractor  
  17  1:10  Drone  
  18  1:20  Drone, Hatchery  
  18  1:29  Drone  
  19  1:36  Queen  
  21  1:40  Zergling x2  
  22  1:51  Overlord  
  22  2:09  Drone  
  22  2:11  Queen  
  22  2:13  Drone  
  26  2:21  Roach Warren  
  25  2:22  Spine Crawler  
  25  2:26  Zergling x2  
  25  2:34  Zergling x2  
  17  3:00  Roach  
  17  3:01  Roach x3  
Tags
 
Add a new tag
Caveats
  • Supply blocks, unpowered buildings, or Contaminate may cause inaccurate times.
  • Supply counts are checked every 10 seconds.